Map: Oblivion Express

Players

Smileblind

  • Race: Protoss Protoss
  • League: Silver
  • Spawn Location: 12:00

SilentDeath

  • Race: Zerg Zerg
  • Spawn Location: 0:00

VOD

Have the link to the VOD?

Description

Time

  • Played on: Feb. 9, 2019, 7:55 p.m.
  • Length: 23:52
Show
View Real Time Build Order
Export as new Build Order

Smileblind Protoss 

Build Orders:  

Get SALT Encoding   

  12  0:03  Probe (Chrono Boost)  
  13  0:17  Probe (Chrono Boost)  
  14  0:40  Gateway  
  14  0:45  Pylon  
  14  0:48  Probe (Chrono Boost)  
  15  1:03  Pylon  
  15  1:10  Probe (Chrono Boost)  
  16  1:24  Probe (Chrono Boost)  
  17  1:37  Probe (Chrono Boost)  
  18  1:42  Gateway  
  18  1:51  Probe (Chrono Boost)  
  18  1:53  Zealot  
  21  2:05  Probe (Chrono Boost)  
  21  2:09  Forge  
  22  2:17  Zealot  
  24  2:38  Gateway  
  24  2:42  Probe (Chrono Boost)  
  24  2:45  Assimilator  
  25  2:56  Probe (Chrono Boost)  
  25  2:58  Zealot  
  28  3:06  Zealot  
  30  3:15  Probe (Chrono Boost)  
  31  3:43  Pylon  
  31  4:05  Nexus  
  31  4:07  Probe (Chrono Boost)  
  32  4:11  Assimilator  
  32  4:19  Zealot  
  34  4:21  Probe (Chrono Boost)  
  34  4:23  Zealot  
  37  4:41  Assimilator  
  37  4:48  Assimilator, Probe (Chrono Boost)  
  38  4:58  Protoss Ground Weapons Level 1  
  38  5:02  Probe (Chrono Boost)  
  39  5:26  Cybernetics Core  
  39  5:30  Pylon  
  39  5:42  Photon Cannon  
  39  5:45  Probe (Chrono Boost)  
  40  5:53  Photon Cannon  
  40  6:03  Zealot x2  
  44  6:14  Zealot  
  46  6:39  Robotics Facility  
  46  6:44  Twilight Council  
  46  6:45  Probe (Chrono Boost)  
  47  6:59  Probe (Chrono Boost)  
  48  7:13  Probe (Chrono Boost)  
  49  7:22  Pylon  
  49  7:27  Probe (Chrono Boost)  
  50  7:53  Probe (Chrono Boost)  
  51  8:00  Photon Cannon  
  51  8:04  Photon Cannon  
  51  8:06  Photon Cannon  
  51  8:07  Pylon, Probe (Chrono Boost)  
  52  8:11  Dragoon  
  52  8:18  Zealot  
  56  8:20  Probe (Chrono Boost)  
  57  8:34  Probe (Chrono Boost)  
  58  8:45  Photon Cannon  
  58  8:47  Photon Cannon  
  58  8:51  Probe (Chrono Boost)  
  58  8:57  Pylon  
  59  9:05  Probe (Chrono Boost)  
  60  9:19  Probe (Chrono Boost)  
  61  9:32  Probe (Chrono Boost)  
  61  9:35  Photon Cannon x2  
  61  9:39  Photon Cannon  
  62  9:46  Probe (Chrono Boost)  
  63  9:51  Photon Cannon  
  63  9:52  Photon Cannon  
  63  9:56  Charge  
  63  10:00  Probe (Chrono Boost)  
  64  10:12  Photon Cannon  
  64  10:14  Immortal, Probe (Chrono Boost)  
  69  10:22  Dragoon  
  69  10:23  Dragoon  
  73  11:15  Whirlwind  
  73  11:17  Immortal  
  77  11:20  Immortal  
  77  11:25  Protoss Ground Weapons Level 2  
  81  12:13  Zealot x2  
  85  12:24  Pylon  
  85  12:27  Pylon  
  85  12:30  Pylon  
  85  12:33  Pylon  
  85  12:34  Singularity Charge  
  85  12:51  Zealot x4  
  85  12:52  Zealot x3  
  85  12:53  Zealot  
  101  13:29  Dragoon x2  
  105  13:30  Dragoon  
  107  13:48  Zealot x2  
  107  13:49  Zealot  
  113  14:04  Pylon  
  113  14:08  Pylon  
  113  14:16  Pylon  
  113  14:20  Pylon  
  113  14:22  Pylon  
  113  14:55  Zealot  
  113  14:56  Zealot x3  
  113  14:57  Zealot x2  
  121  15:13  Dragoon  
  115  15:20  Dragoon x2  
  117  15:35  Dragoon  
  119  16:18  Dragoon x3  
  125  16:22  Zealot x2  
  129  16:33  Gateway  
  129  16:35  Gateway  
  129  16:38  Gateway  
  129  16:41  Gateway  
  129  16:46  Gateway  
  129  16:50  Gateway, Zealot x2  
  129  16:51  Gateway, Zealot  
  135  17:25  Zealot x3  
  141  17:35  Dragoon  
  143  17:42  Dragoon  
  143  19:22  Dragoon  
  143  19:23  Dragoon x3  
  143  19:24  Dragoon  
  153  20:33  Zealot x2  
  157  21:55  Pylon  
  157  21:58  Pylon  
  157  22:00  Pylon  
  157  22:02  Pylon  
  157  22:04  Pylon  
  157  22:22  Zealot x4  
  165  23:11  Zealot x4  
  165  23:12  Zealot x4  
  165  23:13  Zealot x2  
  185  23:22  Zealot x5  
Show
View Real Time Build Order
Export as new Build Order

SilentDeath Zerg 

Build Orders:  

Get SALT Encoding   

  6  0:10  Drone x2  
  7  0:40  Spawning Pool  
  7  0:42  Extractor  
  7  0:47  Drone x2  
  7  0:56  Drone x2  
  8  1:13  Swarmling x6  
  8  1:14  Swarmling x3  
  8  1:19  Swarmling x3  
  14  1:28  Overlord  
  14  2:00  Drone x2  
  14  2:01  Drone x2  
  14  2:03  Drone x2  
  14  2:04  Drone x2  
  18  2:39  Hatchery  
  17  2:52  Drone x2  
  17  2:56  Overlord  
  18  3:01  Extractor  
  18  3:05  Metabolic Boost  
  18  3:29  Drone x2  
  19  3:30  Drone x2  
  19  3:36  Lair  
  20  3:44  Drone x2  
  20  3:48  Drone x2  
  22  3:53  Drone x2  
  22  3:59  Drone x2  
  24  4:39  Drone x4  
  26  4:40  Evolution Chamber, Overlord  
  26  4:41  Overlord  
  26  4:42  Evolution Chamber  
  26  4:49  Extractor, Drone x2  
  25  4:50  Extractor  
  25  4:59  Hardened Carapace  
  25  5:04  Drone x2  
  25  5:09  Drone x2  
  27  5:13  Drone x2  
  27  5:18  Drone x2  
  29  5:21  Drone x2  
  30  5:37  Queen, Baneling Nest  
  30  5:43  Heroic Fortitude  
  30  5:45  Centrifical Hooks  
  30  6:12  Swarmling x12  
  30  6:13  Swarmling x18  
  30  6:14  Swarmling x6  
  50  6:42  Drone x2  
  50  6:45  Overlord x3  
  50  6:46  Overlord  
  49  7:20  Zerg Ground Armor Level 1  
  49  7:32  Hatchery  
  49  7:35  Corrosive Acid  
  49  7:37  Drone x2  
  49  7:38  Drone x4  
  53  7:46  Hive  
  53  7:56  Scourge Nest  
  53  7:57  Overlord  
  53  7:58  Overlord x2  
  53  8:08  Swarmling x6  
  53  8:09  Swarmling x15  
  70  8:10  Swarmling x9  
  70  8:11  Swarmling x3  
  71  8:29  Unknown  
  65  9:17  Simplified Genome  
  65  9:23  Scourge x2  
  65  9:24  Scourge x4  
  65  9:25  Swarmling x15  
  65  9:26  Swarmling x12  
  65  9:27  Swarmling x12  
  65  9:28  Swarmling x3  
  89  9:30  Queen  
  89  9:36  Queen  
  95  10:14  Rupture  
  95  10:17  Virulent Spores  
  95  10:18  Zerg Ground Armor Level 2  
  95  10:22  Scourge x8  
  95  10:23  Scourge x2  
  100  10:54  Adrenal Overload  
  100  11:07  Roach x4  
  100  11:08  Roach x14  
  100  11:09  Roach x2  
  100  11:17  Zerg Flyer Weapons Level 1  
  100  11:20  Unknown  
  89  11:54  Shredding Claws  
  89  11:56  Unknown  
  84  12:02  Swarmling x12  
  84  12:03  Swarmling x15  
  84  12:04  Swarmling x3  
  96  12:52  Scourge x6, Swarmling x3  
  96  12:55  Scourge x2  
  92  13:23  Swarmling x12  
  92  13:24  Swarmling x3  
  95  13:50  Scourge x4, Swarmling x12  
  95  13:57  Zerg Flyer Armor Level 1  
  85  14:12  Roach x12  
  85  14:13  Roach x8  
  85  14:19  Scourge x2, Swarmling x6  
  81  14:20  Scourge x12, Swarmling x3  
  81  14:21  Scourge x10  
  81  14:22  Scourge x2, Swarmling x3  
  81  14:23  Swarmling x6  
  81  14:24  Swarmling x6  
  88  15:06  Swarmling x6  
  88  15:07  Swarmling x15  
  88  15:08  Swarmling x3  
  89  15:45  Scourge x2, Swarmling x3  
  89  15:46  Scourge x12  
  99  15:55  Unknown  
  99  16:03  Zerg Ground Armor Level 3  
  99  16:05  Medusa Blades  
  97  16:34  Queen  
  99  17:11  Zerg Flyer Weapons Level 2  
  99  17:15  Ventral Sacs  
  88  18:20  Scourge x2  
  88  18:21  Scourge x12  
  88  18:22  Scourge x8  
  97  18:45  Roach x14  
  97  18:46  Roach x6  
  83  19:16  Scourge x8  
  83  19:17  Scourge x8  
  83  19:34  Swarmling x21  
  83  19:35  Swarmling x12  
  94  19:43  Protective Cover  
  92  19:57  Swarmling x9  
  92  19:58  Swarmling x12  
  92  20:14  Swarmling x6  
  92  20:15  Swarmling x15  
  98  20:21  Zerg Flyer Armor Level 2  
  98  20:29  Swarmling x3  
  85  21:07  Scourge x20, Swarmling x9  
  95  21:31  Swarmling x9  
  87  22:46  Scourge x10  
  87  22:47  Scourge x4, Roach x10  
  87  22:48  Swarmling x6, Roach x10  
Tags
 
Add a new tag
Caveats
  • Supply blocks, unpowered buildings, or Contaminate may cause inaccurate times.
  • Supply counts are checked every 10 seconds.